Map: Bridgehead LE (Void)

Players

SticklerMac - Winner!

  • Race: Zerg Zerg
  • League: Grandmaster

Absorbtor

  • Race: Protoss Protoss
  • League: Grandmaster

VOD

Have the link to the VOD?

Description

Time

  • Played on: July 18, 2015, 4:07 p.m.
  • Length: 14:06
Show
View Real Time Build Order
Export as new Build Order

SticklerMac Zerg - Winner!

Build Orders: 3 Hatch before Pool 

Get SALT Encoding   

  12  0:01  Drone  
  13  0:08  Drone  
  14  0:35  Hatchery  
  14  0:38  Drone  
  14  1:03  Hatchery  
  13  1:09  Overlord  
  13  1:18  Drone  
  14  1:23  Overlord  
  14  1:28  Drone  
  14  1:32  Drone  
  16  1:49  Drone, Spawning Pool  
  16  1:52  Drone  
  17  1:56  Drone  
  17  2:00  Drone  
  19  2:04  Drone  
  20  2:09  Drone  
  20  2:15  Drone x2  
  22  2:19  Extractor  
  22  2:20  Drone  
  23  2:25  Drone  
  23  2:26  Drone  
  25  2:30  Drone  
  25  2:37  Drone x2  
  28  2:46  Drone x2  
  28  2:48  Drone  
  30  2:52  Drone  
  30  2:55  Queen  
  30  2:58  Drone x2  
  34  3:03  Drone  
  36  3:06  Queen  
  36  3:09  Drone  
  36  3:11  Drone  
  40  3:15  Drone  
  42  3:20  Drone  
  42  3:24  Overlord  
  42  3:27  Overlord  
  42  3:29  Metabolic Boost  
  42  3:36  Overlord  
  42  3:37  Overlord  
  42  3:42  Queen  
  42  3:43  Zergling x4  
  42  3:46  Zergling x4  
  48  3:51  Zergling x4  
  50  3:57  Zergling x2  
  51  4:03  Zergling x4  
  53  4:10  Zergling x6  
  53  4:11  Zergling x4  
  53  4:13  Zergling x2  
  60  4:17  Zergling x8  
  60  4:21  Zergling x2  
  65  4:27  Zergling x4  
  65  4:31  Evolution Chamber, Zergling x2  
  65  4:33  Evolution Chamber  
  65  4:34  Drone  
  65  4:36  Zergling x2  
  67  4:39  Zergling x2  
  67  4:40  Zergling x6  
  71  4:54  Zergling x6  
  71  4:55  Overlord x2  
  71  4:56  Overlord x2  
  74  5:02  Zerg Melee Weapons Level 1  
  74  5:03  Zerg Ground Armor Level 1  
  74  5:06  Overlord x5  
  74  5:14  Zergling x8  
  75  5:19  Zergling x2  
  79  5:23  Zergling x2  
  79  5:24  Zergling x12  
  79  5:26  Zergling x2  
  79  5:27  Zergling x2  
  88  5:36  Zergling x6  
  88  5:38  Baneling Nest  
  89  5:46  Zergling x4  
  89  5:48  Zergling x2  
  89  5:49  Lair, Zergling x4  
  94  5:51  Zergling x2  
  94  5:52  Zergling x4  
  95  5:58  Zergling x4  
  95  6:03  Zergling x4  
  81  6:14  Zergling x10  
  81  6:15  Zergling x4  
  77  6:37  Zergling x12  
  77  6:38  Zergling x6  
  83  7:06  Zergling x2  
  83  7:07  Zergling x18  
  88  7:13  Baneling  
  88  7:14  Baneling x8  
  86  7:17  Zergling x4  
  86  7:18  Zergling x10  
  92  7:27  Zergling x4  
  68  7:48  Zergling x8  
  68  7:49  Zergling x4  
  66  7:53  Zergling x4  
  66  7:56  Zergling x2  
  59  8:08  Zergling x6  
  56  8:15  Zergling x4  
  54  8:42  Zergling x4  
  54  8:43  Zergling x22  
  58  8:51  Hatchery, Queen  
  58  8:53  Queen  
  58  8:55  Queen  
  63  8:58  Hatchery  
  63  9:01  Hatchery, Zergling x2  
  63  9:02  Zergling x10  
  67  9:03  Zergling x2  
  68  9:11  Zergling x4  
  68  9:14  Zergling x4  
  68  9:16  Zergling x2  
  73  9:17  Zerg Melee Weapons Level 2  
  73  9:23  Zergling x2  
  74  9:27  Zerg Ground Armor Level 2  
  74  9:41  Zergling x2  
  74  9:42  Zergling x8  
  77  9:55  Zergling x2  
  77  9:56  Zergling x12  
  77  9:57  Zergling x2  
  84  10:02  Queen  
  86  10:09  Zergling x16  
  86  10:12  Zergling x12  
  100  10:16  Queen  
  100  10:17  Queen  
  100  10:19  Queen  
  100  10:20  Zergling x2  
  109  10:21  Zergling x4  
  109  10:24  Zergling x8  
  113  10:30  Zergling x4  
  113  10:33  Zergling x6  
  118  10:42  Zergling x4  
  120  10:43  Zergling x6  
  123  10:52  Zergling x10  
  128  11:05  Zergling x2  
  128  11:06  Zergling x14  
  128  11:07  Zergling x2  
  137  11:14  Zergling x6  
  137  11:15  Zergling x2  
  141  11:34  Zergling x2  
  141  11:35  Zergling x20  
  152  11:43  Zergling x2  
  152  11:44  Zergling x8  
  157  11:55  Zergling x2  
  157  11:56  Zergling x10  
  163  12:14  Infestation Pit  
  162  12:18  Baneling  
  162  12:22  Zergling x2  
  163  12:23  Overlord x3  
  163  12:24  Overlord x3  
  150  12:40  Zergling x4  
  150  12:41  Zergling x12  
  141  12:46  Zergling x2  
  141  12:47  Zergling x4  
  141  12:50  Zergling x2  
  112  13:13  Zergling x2  
  112  13:14  Zergling x22  
  119  13:22  Zergling x8  
  119  13:24  Zergling x2  
  119  13:26  Zergling x2  
  118  13:31  Zergling x4  
  105  13:45  Zergling x14  
Show
View Real Time Build Order
Export as new Build Order

Absorbtor Protoss 

Build Orders: Nexus First 

Get SALT Encoding   

  12  0:02  Probe  
  13  0:24  Probe, Pylon  
  14  0:53  Nexus  
  14  1:07  Gateway  
  14  1:25  Forge  
  14  1:29  Assimilator  
  14  1:34  Probe (Chrono Boost)  
  15  1:45  Probe (Chrono Boost)  
  16  1:51  Probe  
  17  2:03  Cybernetics Core  
  17  2:13  Photon Cannon  
  17  2:16  Zealot  
  17  2:17  Probe (Chrono Boost)  
  20  2:27  Probe (Chrono Boost)  
  21  2:32  Probe (Chrono Boost)  
  23  2:38  Probe (Chrono Boost)  
  23  2:41  Warp Gate (Chrono Boost)  
  23  2:44  Probe  
  24  2:47  Probe  
  25  2:56  Probe  
  26  2:59  Probe  
  26  3:00  Pylon  
  27  3:08  Probe  
  27  3:11  Probe  
  29  3:20  Probe  
  29  3:23  Probe  
  31  3:29  Gateway  
  31  3:32  Gateway, Probe  
  32  3:38  Gateway  
  32  3:42  Gateway  
  32  3:49  Gateway  
  32  3:55  Gateway  
  32  4:01  Probe  
  32  4:02  Probe  
  34  4:11  Assimilator  
  34  4:13  Probe  
  34  4:14  Probe  
  36  4:42  Pylon  
  36  4:55  Pylon  
  36  4:58  Probe x2  
  38  5:10  Probe  
  38  5:12  Twilight Council  
  39  5:15  Pylon  
  39  5:17  Stalker x3  
  39  5:18  Stalker x4  
  53  5:31  Probe (Chrono Boost)  
  54  5:41  Probe (Chrono Boost)  
  54  5:42  Zealot x2  
  57  5:43  Zealot  
  57  5:44  Adept x3  
  57  5:48  Probe  
  66  6:08  Zealot  
  66  6:09  Zealot  
  66  6:10  Zealot  
  62  6:12  Adept x4  
  41  6:34  Adept x5  
  41  6:35  Adept x2  
  55  6:43  Assimilator  
  55  6:47  Assimilator  
  55  6:49  Pylon  
  55  6:55  Adept x2  
  55  6:58  Pylon  
  59  7:07  Adept x3  
  59  7:08  Adept x2  
  59  7:37  Stalker x5  
  59  7:38  Stalker x2  
  51  8:01  Zealot x2  
  51  8:02  Zealot x4  
  51  8:03  Zealot  
  59  8:26  Adept x6  
  71  8:27  Adept  
  71  8:53  Adept x2  
  75  9:01  Nexus  
  75  9:05  Pylon  
  75  9:15  Photon Cannon  
  75  9:19  Pylon  
  75  9:23  Pylon  
  75  9:25  Photon Cannon  
  75  9:31  Protoss Ground Weapons Level 1 (Chrono Boost)  
  75  9:34  Forge  
  75  9:36  Forge  
  75  9:39  Stargate  
  75  9:44  Stargate  
  75  9:48  Pylon  
  75  10:08  Nexus  
  75  10:11  Mothership Core (Chrono Boost), Probe (Chrono Boost)  
  79  10:16  Protoss Shields Level 1 (Chrono Boost)  
  79  10:19  Probe (Chrono Boost)  
  80  10:22  Protoss Ground Armor Level 1 (Chrono Boost)  
  80  10:25  Probe (Chrono Boost)  
  80  10:27  Probe (Chrono Boost)  
  82  10:29  Void Ray (Chrono Boost)  
  82  10:30  Void Ray (Chrono Boost)  
  82  10:31  Probe (Chrono Boost)  
  82  10:34  Probe (Chrono Boost)  
  82  10:35  Probe (Chrono Boost)  
  92  10:37  Photon Cannon  
  92  10:42  Probe  
  93  10:45  Stargate  
  93  10:54  Probe, Assimilator  
  94  10:59  Assimilator  
  94  11:04  Phoenix  
  94  11:06  Probe, Phoenix  
  99  11:18  Probe (Chrono Boost)  
  102  11:26  Probe x2 (Chrono Boost)  
  102  11:29  Probe (Chrono Boost)  
  105  11:34  Probe x3 (Chrono Boost)  
  105  11:36  Probe  
  105  11:38  Void Ray  
  111  11:40  Void Ray  
  111  11:44  Probe x2  
  117  11:56  Void Ray  
  121  12:13  Adept x3  
  127  12:25  Fleet Beacon  
  127  12:28  Probe  
  122  12:40  Probe  
  105  12:47  Adept  
  105  12:48  Adept x3  
  105  12:49  Adept  
  65  13:10  Zealot x3  
  65  13:11  Zealot x2  
  68  13:28  Zealot x2  
  68  13:41  Zealot x3  
  68  13:42  Zealot  
  68  13:53  Adept x2  
Tags
 
Add a new tag
Caveats
  • Supply blocks, unpowered buildings, or Contaminate may cause inaccurate times.
  • Supply counts are checked every 10 seconds.